 Dungeon Crawl Stone Soup version 0.18.1-50-g88ac8fd (webtiles) character file.

12778 magog001 the Blocker (level 11, -2/95 HPs)
             Began as a Minotaur Fighter on Jan 20, 2017.
             Killed from afar by an orc sorcerer (15 damage)
             ... with a bolt of fire
             ... led by an orc high priest
             ... on level 9 of the Dungeon.
             The game lasted 01:14:50 (13416 turns).

magog001 the Blocker (Minotaur Fighter)            Turns: 13416, Time: 01:14:50

Health: -2/95      AC: 14    Str: 26    XL:     11   Next: 66%
Magic:  0/17       EV:  7    Int: 11    God:
Gold:   810        SH: 12    Dex: 10    Spells: 2 memorised, 17 levels left

rFire  . . .     SeeInvis .     K - -3 long sword (curse)
rCold  . . .     Gourm    .     M - +1 chain mail of the First Hells {Int+6} (curse)
rNeg   . . .     Faith    .     c - +0 shield
rPois  .         Spirit   +     (helmet restricted)
rElec  .         Dismiss  .     p - +2 cloak
rCorr  .         Reflect  .     s - +2 pair of gloves
SustAt .         Harm     .     k - +2 pair of boots {Fly}
MR     .....                    G - amulet of guardian spirit
Stlth  ..........               g - -3 ring of evasion (curse)
                                (no ring)

@: corroded, flying, drained, not resistant to hostile enchantments, extremely
unstealthy
A: retaliatory headbutt, horns 2, sense surroundings 1, strong 1, subdued magic
1
a: Stop Flying


You were on level 9 of the Dungeon.
You were not hungry.

You visited 3 branches of the dungeon, and saw 13 of its levels.

You collected 1103 gold pieces.
You spent 293 gold pieces at shops.

Inventory:

Hand Weapons
 a - a +2 war axe
 d - a +1 antimagic dagger
 r - a +2 falchion of protection
 K - a cursed -3 long sword (weapon)
 T - a +4 flail of venom
 X - a +0 dagger of venom
Missiles
 b - 16 poisoned needles
 o - 4 silver tomahawks (quivered)
 I - 8 needles of frenzy
 U - 13 tomahawks
 W - 7 tomahawks of dispersal
Armour
 c - a +0 shield (worn)
 k - a +2 pair of boots of flying (worn)
 p - a +2 cloak (worn)
 q - the +2 leather armour of Runlun {+Fly rF- Stlth+}
   (You found it on level 8 of the Dungeon)

   It makes you vulnerable to fire.
   It lets you fly.
   It makes you more stealthy.
 s - a +2 pair of gloves (worn)
 B - the +3 leather armour "Tuugrin" {rElec rC- Regen+ Str+3, unknown}
   (You found it on level 1 of the Lair of Beasts)

   It affects your strength (+3).
   It makes you vulnerable to cold.
   It insulates you from electricity.
   It increases your rate of regeneration.
 D - the +0 scale mail of Cocytus {Int+9}
   (You found it on level 4 of the Dungeon)

   It affects your intelligence (+9).
 M - the cursed +1 chain mail of the First Hells (worn) {Int+6}
   (You found it on level 1 of the Lair of Beasts)

   It affects your intelligence (+6).
   It has a curse placed upon it.
Jewellery
 g - a cursed -3 ring of evasion (right hand)
 G - an amulet of guardian spirit (around neck)
 N - a cursed +5 amulet of reflection {unknown}
Wands
 e - a wand of flame (37/48)
 l - a wand of acid (0/15)
 w - a wand of iceblast (0/15)
 y - a wand of slowing (48/48)
 L - a wand of flame (16/48)
 P - a wand of iceblast (5/15)
 Q - a wand of acid (6/15)
Scrolls
 m - 2 scrolls of fog
 t - a scroll of amnesia
 H - 2 scrolls of immolation
 R - a scroll of fear
 V - a scroll of teleportation
Potions
 n - 2 potions of mutation
 u - a potion of resistance
 v - 3 potions of agility
 A - a potion of degeneration {unknown}
 C - a potion of flight
 O - a potion of lignification {unknown}
Books
 x - a book of Clouds

   Spells                             Type                      Level
   a - Mephitic Cloud                 Conjuration/Poison/Air       3
   b - Conjure Flame                  Conjuration/Fire             3
   c - Poisonous Cloud                Conjuration/Poison/Air       6
   d - Freezing Cloud                 Conjuration/Ice/Air          6
   e - Ring of Flames                 Charms/Fire                  7
 E - a book of Geomancy

   Spells                             Type                      Level
   a - Sandblast                      Earth                        1
   b - Passwall                       Transmutation/Earth          2
   c - Stone Arrow                    Conjuration/Earth            3
   d - Petrify                        Transmutation/Earth          4
   e - Lee's Rapid Deconstruction     Earth                        5
 J - a book of Minor Magic

   Spells                             Type                      Level
   a - Magic Dart                     Conjuration                  1
   b - Blink                          Translocation                2
   c - Call Imp                       Summoning                    2
   d - Repel Missiles                 Charms/Air                   2
   e - Slow                           Hexes                        2
   f - Conjure Flame                  Conjuration/Fire             3
   g - Mephitic Cloud                 Conjuration/Poison/Air       3
 S - a book of the Warp

   Spells                             Type                      Level
   a - Recall                         Summoning/Translocation      3
   b - Gell's Gravitas                Hexes/Translocation          3
   c - Force Lance                    Conjuration/Translocation    4
   d - Warp Weapon                    Charms/Translocation         5
   e - Summon Forest                  Summoning/Translocation      5
Miscellaneous
 h - a phial of floods
Comestibles
 f - 5 bread rations
 i - 4 meat rations
 j - 10 royal jellies
 F - 7 fruits


   Skills:
 + Level 8.4(7.8) Fighting
 + Level 4.2(3.6) Long Blades
 + Level 8.9(8.3) Axes
 + Level 0.4(0.0) Throwing
 + Level 9.7(9.0) Armour
 + Level 8.5(7.9) Dodging
 + Level 1.1(0.6) Stealth
 + Level 11.2(10.6) Shields
 * Level 4.7(4.1) Spellcasting
 - Level 0.4(0.0) Earth Magic
 + Level 1.0(0.5) Evocations


You had 17 spell levels left.
You knew the following spells:

 Your Spells              Type           Power        Failure   Level  Hunger
a - Magic Dart            Conj           #...         99%         1    #......
b - Sandblast             Erth           #.....       99%         1    #......


Dungeon Overview and Level Annotations

Branches:
Dungeon (10/15)            Temple (0/1) D:5            Lair (1/8) D:9
    Orc (2/2) D:9
    Elf: Orc:2

Altars:
Cheibriados
Elyvilon
Makhleb
Okawaru
Pakellas
Qazlal
Xom
Beogh

Shops:
D:7 *   D:9 [   Orc:2 =


Innate Abilities, Weirdness & Mutations

You reflexively headbutt those who attack you in melee.
You have a pair of horns on your head.
You passively map a small area around you.
Your muscles are strong. (Str +2)
Your spells are a little easier to cast, but a little less powerful.


Message History

The orc sorcerer is severely wounded.
The orc sorcerer mumbles some strange words.
The orc warrior hits you with a war axe!
You hit the orc sorcerer but do no damage.
The orc sorcerer is severely wounded.
The orc sorcerer casts a spell at you. The bolt of fire misses you.
The orc warrior hits you with a war axe.
The orc sorcerer closely misses you.
You hit the orc sorcerer but do no damage.
You headbutt the orc sorcerer.
The orc sorcerer is almost dead.
The orc warrior hits you with a war axe!
* * * LOW HITPOINT WARNING * * *
The orc sorcerer gestures at you while chanting.
The bolt of negative energy hits you!
You feel drained.
* * * LOW HITPOINT WARNING * * *
The orc sorcerer points at you and mumbles some strange words.
The bolt of fire hits you!
You die...

#.# #..# #.......).# # #.#
##.## ########[## #
#.####...# #...###.# ####
#.##.).8.# #.8.[.#.#
...####.##[#...## ##...#...#
...##....).##[#'###4######.#
...##......##.##.[o## ##.#
....#......##.##.>.# #..#
...(#......##.##@)o## #.##
..())(.....##.#'###[#####.#
.####......#...## ##...#..#
.# ####.###.8.# #.8.'.## ##
#..)#...# #...### ###.#####
##'### # #######.### #.#.#
#####.....∩...# ####...###
##
#.............####....<...#
####.


You could see a rust devil, an orc sorcerer and an orc warrior.

Vanquished Creatures
  Erica (D:8)
  An orc knight (Orc:2)
  2 orc sorcerers
  A cyclops (Orc:2)
  A rime drake (Lair:1)
  A spiny frog (Lair:1)
  A komodo dragon (D:9)
  2 trolls
  Sigmund (D:5)
  4 yaks (D:9)
  A wyvern (D:9)
  3 hippogriffs
  A hungry ghost (D:10)
  A steam dragon (D:10)
  Menkaure (D:5)
  4 wargs
  3 water moccasins
  A porcupine (Lair:1)
  A sky beast (D:8)
  An ice beast (D:9)
  4 phantoms
  18 orc warriors
  A black bear (D:7)
  An eye of draining (D:9)
  A necrophage (D:10)
  6 ogres
  A crocodile (D:8)
  6 centaurs
  Blork the orc (Orc:1)
  6 giant frogs
  A wyvern skeleton (D:9)
  2 scorpions
  4 killer bees (D:8)
  4 wights (D:7)
  2 howler monkeys
  5 crimson imps
  4 giant frog zombies
  6 jellies
  2 quasits
  13 orc wizards
  15 orc priests
  7 hounds
  3 iguanas
  7 worker ants
  2 worker ant zombies
  3 gnolls (D:2)
  12 adders
  10 river rats (Lair:1)
  2 shadow imps
  6 oozes
  2 adder zombies
  3 adder skeletons
  A worm (D:3)
  2 dart slugs
  5 giant geckos
  64 orcs
  3 giant cockroaches
  9 goblins
  9 hobgoblins
  11 jackals
  4 quokkas
  10 bats
  2 giant newts
  8 kobolds
  A quokka skeleton (D:8)
  A quokka zombie (D:7)
  6 rats
  A plant (D:8)
329 creatures vanquished.

Vanquished Creatures (others)
  A quokka (D:10)
  A plant (D:9)
2 creatures vanquished.

Grand Total: 331 creatures vanquished

Notes
Turn   | Place    | Note
--------------------------------------------------------------
     0 | D:1      | magog001 the Minotaur Fighter began the quest for the Orb.
     0 | D:1      | Reached XP level 1. HP: 19/19 MP: 0/0
   541 | D:1      | Reached XP level 2. HP: 27/27 MP: 1/1
   951 | D:1      | Reached skill level 4 in Shields
  1050 | D:2      | Reached XP level 3. HP: 33/33 MP: 2/2
  1550 | D:2      | Reached skill level 1 in Dodging
  1550 | D:2      | Reached XP level 4. HP: 39/40 MP: 3/3
  1887 | D:3      | Noticed a centaur
  1898 | D:3      | Killed a centaur
  1898 | D:3      | Reached skill level 5 in Shields
  1898 | D:3      | Reached XP level 5. HP: 32/46 MP: 4/4
  1994 | D:3      | Reached skill level 5 in Armour
  2633 | D:4      | Reached XP level 6. HP: 50/53 MP: 5/5
  2647 | D:4      | Got a smoking scale mail
  2945 | D:4      | Identified the cursed +0 scale mail of Cocytus {Int+9} (You found it on level 4 of the Dungeon)
  2962 | D:4      | Learned a level 1 spell: Sandblast
  2964 | D:5      | Entered Level 5 of the Dungeon
  2967 | D:5      | Found a staircase to the Ecumenical Temple.
  2973 | D:5      | Noticed Menkaure
  2983 | D:5      | Killed Menkaure
  3003 | D:5      | Gained mutation: Your muscles are strong. (Str +2) [potion of mutation]
  3003 | D:5      | Gained mutation: You passively map a small area around you. [potion of mutation]
  3003 | D:5      | Gained mutation: Your spells are a little easier to cast, but a little less powerful. [potion of mutation]
  3007 | D:5      | Noticed Sigmund
  3023 | D:5      | Killed Sigmund
  3023 | D:5      | Reached XP level 7. HP: 55/60 MP: 6/6
  3228 | D:5      | Found an iron altar of Okawaru.
  3235 | D:5      | Found a snail-covered altar of Cheibriados.
  3287 | D:5      | Reached skill level 1 in Spellcasting
  3293 | D:5      | Reached skill level 5 in Fighting
  3294 | D:5      | Reached skill level 6 in Shields
  3684 | D:5      | Reached skill level 5 in Axes
  3716 | D:6      | Reached XP level 8. HP: 66/68 MP: 9/9
  4186 | D:6      | Reached skill level 7 in Shields
  4897 | D:7      | Reached XP level 9. HP: 63/75 MP: 9/11
  5267 | D:7      | Found a shimmering altar of Xom.
  5273 | D:7      | Found an oddly glowing altar of Pakellas.
  5329 | D:7      | Reached skill level 5 in Dodging
  5371 | D:7      | Found Aoifac's Alliterative Accessories.
  5395 | D:7      | Bought a wand of acid (4/15) for 176 gold pieces
  5578 | D:8      | Reached skill level 8 in Shields
  5862 | D:8      | Noticed Erica
  5965 | D:8      | Reached skill level 1 in Stealth
  6058 | D:8      | Got a pitted leather armour
  6113 | D:8      | Identified the +2 leather armour of Runlun {+Fly rF- Stlth+} (You found it on level 8 of the Dungeon)
  6164 | D:8      | Killed Erica
  6164 | D:8      | Reached XP level 10. HP: 24/86 MP: 3/13
  6743 | D:9      | Reached skill level 9 in Shields
  6860 | D:9      | Found Acif's Antique Armour Shop.
  6867 | D:9      | Bought a pair of glowing boots for 117 gold pieces
  7032 | D:9      | Found a stormy altar of Qazlal.
  7418 | D:9      | Found a burning altar of Makhleb.
  7738 | D:9      | Found a staircase to the Orcish Mines.
  7779 | D:9      | Learned a level 1 spell: Magic Dart
  7781 | D:9      | Learned a level 1 spell: Sandblast
  7811 | D:9      | Reached skill level 1 in Long Blades
  8199 | Orc:1    | Entered Level 1 of the Orcish Mines
  8239 | D:9      | Found a staircase to the Lair.
  8486 | Lair:1   | Entered Level 1 of the Lair of Beasts
  8575 | Lair:1   | Got a distressingly furry chain mail
  8896 | Lair:1   | Noticed a spiny frog
  8912 | Lair:1   | Killed a spiny frog
  9172 | Lair:1   | Got a shimmering leather armour
  9197 | D:9      | Identified the cursed +1 chain mail of the First Hells {Int+6} (You found it on level 1 of the Lair of Beasts)
  9259 | D:9      | Reached skill level 10 in Shields
  9269 | D:9      | Reached XP level 11. HP: 69/93 MP: 11/16
  9684 | D:10     | Entered Level 10 of the Dungeon
  9684 | D:10     | Found a white marble altar of Elyvilon.
 10459 | Orc:2    | Entered Level 2 of the Orcish Mines
 11261 | Orc:2    | Found a roughly hewn altar of Beogh.
 11687 | Orc:2    | Found a roughly hewn altar of Beogh.
 11748 | Orc:1    | Noticed an orc knight
 11774 | Orc:2    | Noticed an orc sorcerer
 11793 | Orc:2    | Noticed a soul eater
 11798 | Orc:2    | Killed an orc sorcerer
 12166 | Orc:2    | Noticed an orc knight
 12204 | Orc:2    | Killed an orc knight
 12204 | Orc:2    | Reached skill level 1 in Evocations
 12217 | Orc:2    | Found a roughly hewn altar of Beogh.
 12218 | Orc:2    | Noticed Blork the orc
 12218 | Orc:2    | Found Tezxiu's Jewellery Shoppe.
 12246 | Orc:1    | Killed Blork the orc
 12268 | Orc:1    | Reached skill level 11 in Shields
 12794 | Orc:2    | Noticed an orc sorcerer
 12795 | Orc:2    | Noticed an orc high priest
 12795 | Orc:2    | Noticed an orc sorcerer
 12798 | Orc:2    | Noticed a sun demon
 12916 | Orc:2    | Noticed a soul eater
 12919 | Orc:1    | Killed an orc sorcerer
 13402 | Orc:1    | Paralysed by an orc sorcerer for 2 turns
 13416 | D:9      | Killed from afar by an orc sorcerer

Skill      XL: |  1  2  3  4  5  6  7  8  9 10 11 |
---------------+----------------------------------+-----
Armour         | 4 5 6 7 8 9 |  9.7
Shields        | 4 5 6 7 8 10 11 | 11.2
Axes           | 3 4 5 6 8 |  8.9
Dodging        | 1 2 3 4 6 7 8 |  8.5
Fighting       | 4 5 6 7 8 |  8.4
Spellcasting   | 1 2 3 4 |  4.7
Stealth        | 1 |  1.1
Long Blades    | 2 4 |  4.2
Evocations     | 1 |  1.0
Throwing       | |  0.4
Earth Magic    | |  0.4

Action                   |  1- 3 |  4- 6 |  7- 9 | 10-12 || total
-------------------------+-------+-------+-------+-------++-------
Melee: War axe           |    93 |   101 |   307 |    76 ||   577
       Headbutt          |    13 |    14 |    63 |   196 ||   286
       Long sword        |       |       |       |   781 ||   781
Throw: Tomahawk          |       |       |     4 |       ||     4
 Abil: Evoke Flight      |       |       |       |     1 ||     1
Evoke: Wand              |       |       |     2 |    19 ||    21
  Use: Scroll            |       |     8 |    11 |    12 ||    31
       Potion            |       |     1 |     3 |     7 ||    11
  Eat: Chunk             |     2 |     3 |     8 |    18 ||    31
       Beef jerky        |       |     1 |       |     1 ||     2
       Pizza             |       |       |     2 |       ||     2
       Fruit             |       |       |       |     2 ||     2
       Meat ration       |       |       |       |     3 ||     3
Armor: Scale mail        |    49 |    40 |   126 |   229 ||   444
       Chain mail        |       |       |       |   232 ||   232
Dodge: Dodged            |    36 |    33 |   112 |   304 ||   485
Block: Shield            |    69 |    56 |   182 |   692 ||   999
